 Dungeon Crawl Stone Soup version 0.27-a0-522-g46bbb28828 (webtiles) character file.

Game seed: 9714312547137324253

147588 kae the Severer (level 17, -4/152 HPs)
             Began as a Hill Orc Fighter on Mar 4, 2021.
             Was the Champion of Okawaru.
             Slain by an 11-headed hydra (10 damage)
             ... called by a spriggan druid
             ... on level 3 of the Swamp.
             The game lasted 00:27:26 (36157 turns).

kae the Severer (Hill Orc Fighter)                 Turns: 36157, Time: 00:27:26

Health: -4/152     AC: 25    Str: 32    XL:     17   Next: 47%
Magic:  28/28      EV: 10    Int:  8    God:    Okawaru [******]
Gold:   2361       SH: 34    Dex: 13    Spells: 16/16 levels left

rFire    . . .     SeeInvis .   Z - +8 mithril axe "Arga" {speed, Will+}
rCold    . . .     Faith    .   H - +18 shield of the Gong {rElec rN+ Will+ EV-5}
rNeg     + . .     Spirit   .   c - +2 plate armour {Will+}
rPois    .         Reflect  .   G - +1 hat {Stlth+}
rElec    +         Harm     .   J - scarf {repulsion}
rCorr    .         Rampage  .   O - +1 pair of gloves of Toaseing {Dex+3}
Will     +++++                  f - +0 pair of boots {Stlth+}
Stlth    ..........             W - amulet "Hecumnie" {RegenMP rElec Will+ Slay+3}
HPRegen  0.35/turn              v - +6 ring of strength
MPRegen  0.46/turn              S - +4 ring of evasion

@: about to teleport, heroic, repel missiles
A: no striking features
a: Renounce Religion, Heroism, Finesse


You were on level 3 of the Swamp.
You worshipped Okawaru.
Okawaru was exalted by your worship.
You visited 4 branches of the dungeon, and saw 26 of its levels.
You also visited: Gauntlet.

You collected 2583 gold pieces.
You spent 222 gold pieces at shops.

Inventory:

Hand Weapons
 a - a +0 war axe
 y - a +6 broad axe of electrocution
 Z - the +8 mithril axe "Arga" (weapon) {speed, Will+}
   (You acquired it on level 1 of the Swamp)

   Attacks with this weapon are significantly faster.
   It affects your willpower, your defense against some magical effects.
Armour
 c - a +2 plate armour of willpower (worn)
 f - a +0 pair of boots of stealth (worn)
 k - a +1 plate armour of fire resistance
 G - a +1 hat of stealth (worn)
 H - the +18 shield of the Gong (worn) {rElec rN+ Will+ EV-5}
   (You took it off a minotaur in a Gauntlet)

   It affects your evasion (-5).
   It insulates you from electricity.
   It protects you from negative energy.
   It affects your willpower, your defense against some magical effects.
 J - a scarf of repulsion (worn)
 O - the +1 pair of gloves of Toaseing (worn) {Dex+3}
   (Okawaru gifted it to you on level 2 of the Lair of Beasts)

   It affects your dexterity (+3).
Jewellery
 s - a ring of poison resistance
 t - an amulet of magic regeneration
 v - a +6 ring of strength (left hand)
 z - a ring of positive energy
 F - a ring of magical power
 K - a ring of ice
 L - a +4 ring of evasion
 N - an amulet of regeneration
 Q - the ring "Zirgh" {Fire rElec Str+3 Dex+2 Slay-3}
   (You found it on level 4 of the Lair of Beasts)

   [ring of fire]

   It enhances your fire magic.
   It affects your strength (+3).
   It affects your dexterity (+2).
   It affects your accuracy and damage with ranged weapons and melee attacks
   (-3).
   It protects you from fire.
   It makes you vulnerable to cold.
   It insulates you from electricity.
 S - a +4 ring of evasion (right hand)
 W - the amulet "Hecumnie" (around neck) {RegenMP rElec Will+ Slay+3}
   (You took it off a kobold brigand on level 13 of the Dungeon)

   [amulet of magic regeneration]

   It increases your magic regeneration.
   It affects your accuracy and damage with ranged weapons and melee attacks
   (+3).
   It insulates you from electricity.
   It affects your willpower, your defense against some magical effects.
 X - the ring "Joklaoss" {*Drain +Inv rPois rN++ MP+9}
   (You took it off an orc on level 14 of the Dungeon)

   [ring of magical power]

   It protects you from poison.
   It greatly protects you from negative energy.
   It affects your magic capacity (+9).
   It lets you turn invisible.
   It causes draining when unequipped.
 Y - a ring of flight
Wands
 o - a wand of iceblast (22)
 w - a wand of random effects (89)
 A - a wand of acid (61)
 B - a wand of mindburst (10)
 I - a wand of polymorph (5)
 P - a wand of flame (19)
 R - a wand of paralysis (14)
 U - a wand of digging (5)
Scrolls
 e - 10 scrolls of identify
 n - 7 scrolls of enchant armour
 D - 5 scrolls of teleportation
 E - 4 scrolls of amnesia
 T - 3 scrolls of magic mapping
Potions
 b - 4 potions of magic
 d - 3 potions of might
 g - 10 potions of curing
 h - 3 potions of brilliance
 i - 4 potions of invisibility
 j - 3 potions of cancellation
 l - 4 potions of mutation
 m - 2 potions of ambrosia
 p - 6 potions of attraction
 q - 5 potions of haste
 r - 2 potions of heal wounds
 u - 7 potions of lignification
 x - 4 potions of flight
 M - a potion of resistance
Miscellaneous
 C - a condenser vane


   Skills:
 - Level 14.0(19.0) Fighting
 + Level 20.7(25.7) Axes
 - Level 13.0(18.0) Armour
 + Level 13.9(18.9) Shields
 - Level 15.0 Invocations
 - Level 11.0 Evocations


You had 16 spell levels left.
You didn't know any spells.
Your spell library contained the following spells:

 Spells                   Type           Power        Failure   Level
 Corona                   Hex            0%           88%         1
 Sandblast                Erth           0%           88%         1
 Shock                    Conj/Air       0%           88%         1
 Summon Small Mammal      Summ           0%           88%         1
 Blink                    Tloc           N/A          95%         2
 Call Imp                 Summ           0%           95%         2
 Passwall                 Tmut/Erth      0%           95%         2
 Slow                     Hex            0%           95%         2
 Swiftness                Air            0%           95%         2
 Call Canine Familiar     Summ           0%           99%         3
 Confusing Touch          Hex            0%           99%         3
 Dazzling Flash           Conj/Hex       0%           99%         3
 Gell's Gravitas          Tloc           0%           99%         3
 Inner Flame              Hex/Fire       0%           99%         3
 Lesser Beckoning         Tloc           0%           99%         3
 Portal Projectile        Hex/Tloc       0%           99%         3
 Static Discharge         Conj/Air       0%           99%         3
 Stone Arrow              Conj/Erth      0%           99%         3
 Summon Guardian Golem    Hex/Summ       0%           99%         3
 Teleport Other           Tloc           0%           99%         3
 Airstrike                Air            0%           100%        4
 Animate Dead             Necr           0%           100%        4
 Cause Fear               Hex            0%           100%        4
 Leda's Liquefaction      Hex/Erth       0%           100%        4
 Manifold Assault         Tloc           0%           100%        4
 Petrify                  Tmut/Erth      0%           100%        4
 Summon Ice Beast         Ice/Summ       0%           100%        4
 Summon Lightning Spire   Summ/Air       0%           100%        4
 Borgnjor's Vile Clutch   Necr/Erth      0%           100%        5
 Lee's Rapid Deconstruct  Erth           0%           100%        5
 Lightning Bolt           Conj/Air       0%           100%        5
 Metabolic Englaciation   Hex/Ice        0%           100%        5
 Silence                  Hex/Air        0%           100%        5
 Yara's Violent Unravell  Hex/Tmut       0%           100%        5
 Death Channel            Necr           0%           100%        6
 Simulacrum               Ice/Necr       0%           100%        6
 Discord                  Hex            0%           100%        8


Dungeon Overview and Level Annotations

Branches:
Dungeon (15/15)            Temple (1/1) D:5            Lair (6/6) D:8
  Swamp (4/4) Lair:2        Snake (0/4) Lair:2        Slime (0/5) Lair:5
    Orc (0/2) D:10         Vaults (0/5) D:13         Depths (0/5) D:15
Gauntlet (visited)

Altars:
Ashenzari
Cheibriados
Dithmenos
Elyvilon
Fedhas
Gozag
Hepliaklqana
Kikubaaqudgha
Makhleb
Nemelex Xobeh
Okawaru
Qazlal
Ru
Sif Muna
Trog
Uskayaw
Vehumet
Wu Jian
Xom
Yredelemnul
Zin
The Shining One

Shops:
D:6 (***   D:9 *   D:11 :

Annotations:
Lair:4 3 runed translucent doors, kae's ghost, journeyman HOFi
Lair:5 exclusion: 3 oklob plants
Swamp:3 3 runed translucent doors, Leafsnail's ghost, journeyman DgCj


Message History

SHROANNG!
You block the 11-headed hydra's attack.
GONNNNG!
The 11-headed hydra bites you.
* * * LOW HITPOINT WARNING * * *
The 11-headed hydra bites you.
* * * LOW HITPOINT WARNING * * *
You block the 11-headed hydra's attack.
GONNNNG!
You block the 11-headed hydra's attack.
BOUMMMMG!
The 11-headed hydra bites you but does no damage.
The 11-headed hydra barely misses you.
The 11-headed hydra bites you but does no damage.
You block the 11-headed hydra's attack.
BONNNG!
The 11-headed hydra bites you but does no damage.
You hear a roar!
Unknown command.
You block the 12-headed hydra's attack.
GONNNNG!
You block the 12-headed hydra's attack.
GONNNNG!
You block the 12-headed hydra's attack.
GONNNNG!
The 12-headed hydra bites you but does no damage. x3
The 12-headed hydra barely misses you. You block the 12-headed hydra's attack.
GONNNNG!
The 12-headed hydra bites you but does no damage. x2
The 12-headed hydra bites you.
* * * LOW HITPOINT WARNING * * *
You block the 12-headed hydra's attack.
BONNNG!
The 11-headed hydra bites you but does no damage.
The 11-headed hydra barely misses you. The 11-headed hydra closely misses you.
The 11-headed hydra bites you.
* * * LOW HITPOINT WARNING * * *
The 11-headed hydra bites you but does no damage.
The 11-headed hydra bites you!
You die...

♣♣..♣♣§.≈≈≈≈≈≈#♣......#.≈≈≈♣♣
♣.(.♣♣♣(≈≈)§..##.WDD.##."..♣
.♣..≈♣≈.≈≈≈≈..♣##+++##≈.≈♣♣♣ ♣
..≈..♣♣≈≈≈≈..≈♣.......≈≈..♣♣♣♣♣♣♣
.≈≈≈♣♣♣.≈≈....♣♣♣≈[..§...≈....♣♣.
♣.≈.♣ ♣.≈≈....♣ ♣≈≈.≈♣♣.≈..≈≈≈...
♣♣≈♣♣♣♣.≈≈≈...♣♣♣♣..♣♣♣....≈≈≈...
♣♣♣..♣.≈§≈≈..≈♣♣>D§.♣♣♣♣≈.≈≈≈≈>≈≈
♣ ♣.....≈..≈♣♣♣♣@D≈.♣♣≈≈..≈≈≈≈.≈≈
♣♣♣≈≈≈≈..♣♣♣♣ ♣♣...≈♣..≈≈≈≈≈≈≈≈≈
.≈.♣.≈≈♣♣♣ ♣♣♣≈≈♣♣..≈≈≈≈.≈≈≈≈≈≈
.≈≈♣♣.≈♣ ♣.≈.♣♣♣≈≈≈≈≈≈≈≈≈≈≈≈≈
...♣♣♣♣♣ ♣.≈.♣♣♣≈.≈≈≈≈≈≈≈≈≈≈≈
.≈.♣♣♣ ♣♣♣♣♣ ♣§...♣♣♣.≈≈≈≈≈≈≈.≈≈≈
.≈.≈≈♣♣♣..≈♣ ♣≈..♣♣ ♣♣.≈≈≈.....≈≈
♣.....♣♣<≈≈♣♣♣♣♣♣♣ ♣♣...♣≈..≈.≈
..≈.♣♣♣♣♣♣♣.≈≈≈.♣♣♣♣♣♣≈.≈♣♣≈♣♣≈.≈


You could see a 12-headed hydra and a 11-headed hydra.

Vanquished Creatures
  Gastronok (D:11)
  Donald (Swamp:1)
  Louise (Swamp:3)
  2 ghouls (D:14)
  Nessos (Lair:6)
  A minotaur (Gauntlet)
  5 bunyips
  A green death (Gauntlet)
  4 eleionomae
  An ettin (D:13)
  A shambling mangrove (Swamp:3)
  2 fire dragons
  Fannar (D:11)
  Josephine (Lair:5)
  A boulder beetle (D:15)
  Harold (D:8)
  An ice dragon (D:15)
  A rakshasa (D:13)
  2 catoblepae
  2 ogre magi
  25 hydras
  3 vault guards (D:13)
  7 centaur warriors
  2 two-headed ogres
  8 alligators
  2 ghost crabs (Swamp:3)
  9 death yaks
  A death knight (D:13)
  3 tengu warriors
  3 skeletal warriors (D:15)
  A goliath frog (Swamp:3)
  An unseen horror (D:14)
  2 spriggan druids
  A glowing orange brain (Gauntlet)
  2 bog bodies
  2 orc knights
  Pikel (D:5)
  2 swamp dragons
  4 necromancers (D:13)
  An obsidian statue (D:14)
  A wolf spider zombie (D:15)
  A deep elf zephyrmancer (D:13)
  A wizard (D:14)
  An oklob plant (Lair:6)
  A faun (shapeshifter) (D:13)
  6 ugly things
  2 will-o-the-wisps
  2 manticores (D:11)
  4 cyclopes
  8 elephants
  5 black mambas
  Maurice (D:12)
  An eye of devastation (shapeshifter) (D:14)
  Joseph (D:7)
  9 cane toads
  2 orange demons (Gauntlet)
  4 kobold demonologists
  11 komodo dragons
  A yaktaur (D:13)
  3 rime drakes
  2 guardian mummies
  A harpy zombie (D:15)
  3 meliai (D:14)
  16 hornets
  5 polar bears
  6 tyrant leeches
  5 trolls
  4 slime creatures (D:14)
  21 blink frogs
  A blink frog (shapeshifter) (D:13)
  A meliai zombie (D:14)
  Prince Ribbit (D:5)
  7 dream sheep (Lair:4)
  5 water elementals (D:14)
  3 shadows
  2 centaur simulacra (D:13)
  A redback (D:13)
  23 spriggans
  5 wyverns
  Sigmund (D:6)
  5 wraiths
  17 humans (D:13)
  26 yaks
  3 basilisks
  A vampire mosquito (D:13)
  3 steam dragons
  A warg (D:15)
  A soldier ant (D:13)
  18 swamp worms
  Duvessa (D:4)
  3 acid dragons (D:13)
  16 water moccasins
  5 black bears
  9 orc warriors
  4 ice beasts
  2 swamp drakes
  3 sky beasts
  16 ogres
  A necrophage (D:9)
  18 wolves
  4 boggarts
  11 centaurs
  3 phantoms
  5 kobold brigands
  20 bullfrogs
  A gnoll sergeant (D:11)
  3 wyvern zombies
  Dowan (D:4)
  6 scorpions
  5 killer bees
  14 howler monkeys
  6 wights
  6 electric eels
  7 bullfrog zombies
  11 centaur zombies
  8 hounds
  2 quasits (D:14)
  4 centaur skeletons
  9 orc priests
  5 jellies
  Crazy Yiuf (D:7)
  3 bullfrog skeletons
  7 hell rats (Lair:4)
  2 iguanas
  23 orc wizards
  13 worker ants
  A hound skeleton (D:5)
  3 gnolls
  17 adders
  2 shadow imps (D:9)
  3 white imps
  4 ufetubi
  2 oozes
  3 adder zombies
  An adder skeleton (D:5)
  A worm (D:2)
  4 dart slugs
  3 leopard geckos
  45 orcs
  7 bats
  6 giant cockroaches
  10 goblins
  5 hobgoblins
  6 jackals
  6 quokkas
  A ball python (D:3)
  A ball python skeleton (D:4)
  A frilled lizard (D:4)
  23 kobolds
  A quokka skeleton (D:4)
  4 rats
782 creatures vanquished.

Vanquished Creatures (others)
  2 bloated husks (Swamp:2)
  2 foxfires (Swamp:3)
  70 fungi
  156 plants
  2 withered plants (D:15)
232 creatures vanquished.

Grand Total: 1014 creatures vanquished

Notes
Turn   | Place    | Note
-------+----------+-------------------------------------------
     0 | D:1      | kae the Hill Orc Fighter began the quest for the Orb.
     0 | D:1      | Reached XP level 1. HP: 19/19 MP: 1/1
   118 | D:1      | Reached skill level 3 in Axes
   227 | D:1      | Reached XP level 2. HP: 27/27 MP: 2/2
   498 | D:1      | Reached XP level 3. HP: 33/33 MP: 3/3
   768 | D:2      | Reached skill level 4 in Axes
  1682 | D:2      | Reached XP level 4. HP: 40/40 MP: 4/4
  2550 | D:3      | Reached skill level 5 in Axes
  2834 | D:3      | Reached XP level 5. HP: 26/47 MP: 5/5
  3481 | D:4      | Reached skill level 5 in Fighting
  3481 | D:4      | Reached skill level 6 in Axes
  3481 | D:4      | Reached XP level 6. HP: 48/56 MP: 6/6
  3807 | D:4      | Noticed Duvessa
  4088 | D:4      | Killed Duvessa
  4445 | D:4      | Noticed Dowan
  4456 | D:4      | Killed Dowan
  4457 | D:4      | Reached skill level 7 in Axes
  4457 | D:4      | Reached skill level 5 in Armour
  4457 | D:4      | Reached XP level 7. HP: 48/61 MP: 7/7
  4692 | D:4      | Found a burning altar of Makhleb.
  4974 | D:5      | Entered Level 5 of the Dungeon
  5307 | D:5      | Reached skill level 8 in Axes
  5312 | D:5      | Noticed Prince Ribbit
  5584 | D:5      | Found a staircase to the Ecumenical Temple.
  5663 | D:5      | Noticed Pikel
  5676 | D:5      | Killed Pikel
  5677 | D:5      | Reached skill level 9 in Axes
  5677 | D:5      | Reached XP level 8. HP: 56/71 MP: 8/8
  5763 | Temple   | Entered the Ecumenical Temple
  5966 | Temple   | Became a worshipper of Warmaster Okawaru
  6056 | D:5      | Killed Prince Ribbit
  6057 | D:5      | Reached skill level 1 in Invocations
  6498 | D:6      | Found Arroe's Antique Weapon Emporium.
  6514 | D:6      | Reached skill level 13 in Axes
  6514 | D:6      | Reached XP level 9. HP: 84/84 MP: 9/14
  6698 | D:6      | Found Kireduf's General Store.
  6701 | D:6      | Bought a scroll of identify for 24 gold pieces
  6701 | D:6      | Bought a +2 cloak for 198 gold pieces
  6813 | D:6      | Found a glowing silver altar of Zin.
  6813 | D:6      | Found a burning altar of Makhleb.
  6826 | D:6      | Found a faded altar of an unknown god.
  6828 | D:6      | Found a sacrificial altar of Ru.
  6830 | D:6      | Found a faded altar of an unknown god.
  6858 | D:6      | Reached * piety under Okawaru
  7024 | D:6      | Found Hupol's General Store.
  7026 | D:6      | Found a bloodstained altar of Trog.
  7039 | D:6      | Noticed Sigmund
  7043 | D:6      | Found Baff's General Store.
  7058 | D:6      | Killed Sigmund
  7059 | D:6      | Reached XP level 10. HP: 90/92 MP: 15/15
  7650 | D:7      | Noticed Joseph
  7665 | D:7      | Killed Joseph
  7674 | D:7      | Reached skill level 10 in Fighting
  7825 | D:7      | Reached ** piety under Okawaru
  7834 | D:7      | Reached skill level 14 in Axes
  8101 | D:7      | Found a runed translucent door.
  8104 | D:7      | Noticed Crazy Yiuf
  8429 | D:7      | Killed Crazy Yiuf
  8623 | D:8      | Noticed Harold
  8645 | D:8      | Killed Harold
  8901 | D:8      | Reached *** piety under Okawaru
  9209 | D:8      | Reached XP level 11. HP: 101/101 MP: 15/17
  9419 | D:8      | Found a staircase to the Lair.
  9688 | D:8      | Found a burning altar of Makhleb.
 10103 | D:9      | Identified a scroll of acquirement
 10103 | D:9      | Acquired a +4 broad axe of electrocution
 10154 | D:9      | Reached **** piety under Okawaru
 10243 | D:9      | Found Barena's General Store.
 10471 | D:10     | Entered Level 10 of the Dungeon
 10486 | D:10     | Reached skill level 15 in Axes
 10592 | D:10     | Noticed an ogre mage
 10600 | D:10     | Killed an ogre mage
 10601 | D:10     | Reached skill level 10 in Armour
 10830 | D:10     | Noticed a cyclops
 10843 | D:10     | Killed a cyclops
 11202 | D:10     | Found a bloodstained altar of Trog.
 11374 | D:10     | Found a staircase to the Orcish Mines.
 11778 | D:11     | Noticed a manticore
 11778 | D:11     | Noticed a cyclops
 11783 | D:11     | Killed a manticore
 11783 | D:11     | Reached ***** piety under Okawaru
 11803 | D:11     | Noticed an eight-headed hydra
 11811 | D:11     | Killed an eight-headed hydra
 11811 | D:11     | Noticed a two-headed ogre
 11812 | D:11     | Reached skill level 10 in Invocations
 11835 | D:11     | Killed a cyclops
 11836 | D:11     | Reached XP level 12. HP: 55/110 MP: 19/19
 11850 | D:11     | Found a gate leading to a gauntlet.
 11859 | D:11     | Reached skill level 16 in Axes
 11863 | Gauntlet | Entered a Gauntlet
 11863 | Gauntlet | Found a transporter.
 11863 | Gauntlet | Found a transporter.
 11863 | Gauntlet | Found a transporter.
 12035 | Gauntlet | Found a transporter.
 12035 | Gauntlet | Found a transporter.
 12040 | Gauntlet | Noticed a death ooze
 12046 | Gauntlet | Found a transporter.
 12062 | Gauntlet | Noticed a green death
 12072 | Gauntlet | Found a transporter.
 12073 | Gauntlet | Found a transporter.
 12132 | Gauntlet | Found a transporter.
 12142 | Gauntlet | Found a transporter.
 12157 | Gauntlet | Found a transporter.
 12167 | Gauntlet | Found a transporter.
 12195 | Gauntlet | Identified the +9 trident of the Eternal Warrior {protect,
                  | rElec Dex+3 SInv Stlth-}
 12195 | Gauntlet | Noticed a minotaur
 12485 | Gauntlet | Killed a green death
 12634 | Gauntlet | Identified the Compendium of the Rocks and the Oath
 12682 | Gauntlet | Killed a minotaur
 12682 | Gauntlet | Received a gift from Okawaru
 13032 | Gauntlet | Identified the +3 scale mail of the Monkey's Uncle {rC+ rN+
                  | Slay-3}
 13034 | Gauntlet | Identified the Compendium of Enchantment and the Rocks
 13077 | D:11     | Noticed Gastronok
 13234 | D:11     | Killed a two-headed ogre
 13292 | D:11     | Killed Gastronok
 13293 | D:11     | Reached skill level 17 in Axes
 13416 | D:11     | Noticed Fannar
 13430 | D:11     | Killed Fannar
 13851 | D:11     | Found Taxkilag's Book Emporium.
 14230 | Lair:1   | Entered Level 1 of the Lair of Beasts
 14252 | Lair:1   | Noticed a four-headed hydra
 14258 | Lair:1   | Killed a four-headed hydra
 14312 | Lair:1   | Reached XP level 13. HP: 97/118 MP: 21/21
 14314 | Lair:1   | Reached skill level 1 in Evocations
 14930 | Lair:1   | Found a dark tunnel.
 15056 | Lair:2   | Reached skill level 5 in Shields
 15137 | Lair:2   | Found a staircase to the Snake Pit.
 15341 | Lair:2   | Identified the +1 pair of gloves of Toaseing {Dex+3}
                  | (Okawaru gifted it to you on level 2 of the Lair of Beasts)
 15341 | Lair:2   | Received a gift from Okawaru
 16326 | Lair:2   | Found a staircase to the Swamp.
 17476 | Lair:4   | Reached skill level 18 in Axes
 17571 | Lair:4   | Identified the ring "Zirgh" {Fire rElec Str+3 Dex+2 Slay-3}
 17578 | Lair:4   | Found a runed translucent gate.
 17578 | Lair:4   | Found a runed translucent gate.
 17578 | Lair:4   | Found a runed translucent gate.
 17582 | Lair:4   | Noticed a minotaur
 17584 | Lair:4   | Noticed kae's ghost (journeyman HOFi)
 18280 | Lair:5   | Reached skill level 5 in Evocations
 18301 | Lair:5   | Identified the +0 chain mail "Ovuph" {rCorr Str-5 Int+6}
                  | (Okawaru gifted it to you on level 5 of the Lair of Beasts)
 18301 | Lair:5   | Received a gift from Okawaru
 18303 | Lair:5   | Reached XP level 14. HP: 68/127 MP: 23/23
 18312 | Lair:5   | Noticed Josephine
 18330 | Lair:5   | Killed Josephine
 18990 | Lair:5   | Found a staircase to the Slime Pits.
 19324 | Lair:6   | Entered Level 6 of the Lair of Beasts
 20112 | Lair:6   | Received a gift from Okawaru
 21037 | Lair:6   | Noticed Nessos
 21058 | Lair:6   | Killed Nessos
 21582 | Lair:6   | Reached XP level 15. HP: 137/137 MP: 24/24
 22651 | D:12     | Noticed Maurice
 22824 | D:12     | Reached ****** piety under Okawaru
 22850 | D:12     | Killed Maurice
 22850 | D:12     | Received a gift from Okawaru
 24168 | D:13     | Reached skill level 10 in Evocations
 24213 | D:13     | Identified the +2 trident "Quos" {venom, rF+}
 24314 | D:13     | Identified the amulet "Hecumnie" {RegenMP rElec Will+
                  | Slay+3}
 24451 | D:13     | Received a gift from Okawaru
 24670 | D:13     | Identified the +0 robe "Jiadul" {Int+9}
 25088 | D:13     | Found a gate to the Vaults.
 25202 | D:13     | Found a sacrificial altar of Ru.
 25469 | D:14     | Reached XP level 16. HP: 112/146 MP: 26/26
 25493 | D:14     | Reached skill level 10 in Shields
 25510 | D:14     | Identified the ring "Joklaoss" {*Drain +Inv rPois rN++
                  | MP+9}
 25545 | D:14     | Identified the +1 robe of the Stone Wall {Will+ Str+5}
                  | (Okawaru gifted it to you on level 14 of the Dungeon)
 25545 | D:14     | Received a gift from Okawaru
 25559 | D:14     | HP: 5/146 [catoblepas (5)]
 25560 | D:14     | HP: 2/146 [wolf spider (shapeshifter) (2)]
 26280 | D:14     | Reached skill level 15 in Invocations
 27483 | D:15     | Entered Level 15 of the Dungeon
 29274 | D:15     | Reached skill level 19 in Axes
 30106 | D:15     | Found a staircase to the Depths.
 30878 | Swamp:1  | Entered Level 1 of the Swamp
 30911 | Swamp:1  | Noticed Donald
 31167 | Swamp:1  | Killed Donald
 31458 | Swamp:1  | Acquired the +8 mithril axe "Arga" {speed, Will+}
 31459 | Swamp:1  | Found the +8 mithril axe "Arga" {speed, Will+}
 31488 | Swamp:1  | Found a radiant altar of Vehumet.
 32151 | Swamp:2  | Received a gift from Okawaru
 32211 | Swamp:2  | Reached XP level 17. HP: 35/152 MP: 28/28
 32892 | Swamp:2  | Reached skill level 20 in Axes
 34013 | Swamp:3  | Noticed Louise
 34021 | Swamp:3  | Received a gift from Okawaru
 34046 | Swamp:3  | Killed Louise
 34203 | Swamp:3  | Received a gift from Okawaru
 34853 | Swamp:3  | Found a runed translucent gate.
 34853 | Swamp:3  | Found a runed translucent gate.
 34853 | Swamp:3  | Found a runed translucent gate.
 34862 | Swamp:3  | Noticed Leafsnail's ghost (journeyman DgCj)
 35368 | Swamp:4  | Entered Level 4 of the Swamp
 36153 | Swamp:3  | HP: 7/152 [ten-headed hydra (2)]
 36157 | Swamp:3  | Slain by an 11-headed hydra

Illustrated notes

Levels and vault maps discovered:
D:1:      elethiomel_arrival_shortcut, layout_basic, minmay_misc_feat_pillars,
          roderic_malta_cross, st_stairs_11, minmay_misc_feat_rows
D:2:      layout_basic
D:3:      layout_rooms, minmay_diced_spiral
D:4:      wad_woods_stonehenge, layout_cave_pools, serial_column_ruins,
          column_ruins_open_tiny, column_ruins_columns_dead_end,
          column_ruins_open_small, column_ruins_grid_1,
          hangedman_abyss_or_decor_stabs, uniq_duvessa
D:5:      layout_basic, lemuel_temple_firewalk_b, kennysheep_generic_room_14,
          uniq_prince_ribbit1, uniq_pikel
D:6:      layout_basic, general_overflow_altar,
          chequers_temple_overflow_minitemple, serial_shops, kennysheep_mini,
          nicolae_shop_statue_plus, nicolae_shop_competitors_out_of_business,
          shop, uniq_sigmund
D:7:      layout_basic, uniq_joseph, uniq_crazy_yiuf_cottage
D:8:      layout_basic, due_lair_maze_entry_diamond, basic_altar, uniq_harold
D:9:      layout_basic, serial_shops, nicolae_shop_behind_doors
D:10:     hangedman_cross_cluster, layout_rooms, orc_0_dummy,
          lemuel_altar_in_water
D:11:     layout_basic, gauntlet_entry_generic, serial_shops, shop_statue,
          uniq_gastronok, uniq_fannar
D:12:     cheibrodos_breeding_chamber, layout_loops_cross, uniq_maurice
D:13:     minmay_the_grid_square_5x5_5x5_mashed
          [minmay_the_grid_square_5x5_shuriken,
          minmay_the_grid_square_5x5_lines,
          minmay_the_grid_square_5x5_hollow_slash, minmay_the_grid_square_5x5_n,
          minmay_the_grid_square_5x5_spiral_small,
          minmay_the_grid_square_5x5_two_small,
          minmay_the_grid_square_5x5_prize_deathbox,
          minmay_the_grid_square_5x5_beaten_path,
          minmay_the_grid_square_5x5_prize_waves,
          minmay_the_grid_square_5x5_spiral,
          minmay_the_grid_square_5x5_three_small,
          minmay_the_grid_square_5x5_almost_minimal,
          minmay_the_grid_square_5x5_prize_pseudospiral,
          minmay_the_grid_square_5x5_minimal, minmay_the_grid_square_5x5_z,
          minmay_the_grid_square_5x5_three,
          minmay_the_grid_square_5x5_prize_monsterx,
          minmay_the_grid_square_5x5_one_wall,
          minmay_the_grid_square_5x5_prize_open,
          minmay_the_grid_square_5x5_shrine1,
          minmay_the_grid_square_5x5_inverted_slash,
          minmay_the_grid_square_5x5_gyroscope, minmay_the_grid_square_5x5_tie,
          minmay_the_grid_square_5x5_hourglass, minmay_the_grid_square_5x5_meh],
          layout_grid_maze, grunt_vaults_entry_tiered, nicolae_ru_path_of_blood
D:14:     layout_layer_cave, minivault_14, minivault_20, minivault_16,
          serial_bayou_lagoon_b
D:15:     grunt_enter_depths_hoard, layout_basic, nrook_mini_backslash,
          serial_undead, serial_undead_b, serial_undead_a, serial_undead_c,
          serial_undead_b
Temple:   eino_narrow_crystal_temple
Lair:1:   layout_regular_city, enter_volcano_2, chequers_serial_rivers_small_3
Lair:2:   layout_cave_pods, palyth_hydra_swamp_entry,
          guppyfry_snake_entry_garden
Lair:3:   layout_layer_cave, minivault_23, patterned_corridor
Lair:4:   layout_regular_city, maelrawn_ghost_gauntlet_escape
Lair:5:   layout_cave_pods, minmay_slime_entry_oklob_open,
          infiniplex_staircase_pool, serial_bayou_shore_b, grunt_megastairs_4,
          uniq_josephine
Lair:6:   minmay_lair_end_enchanted_forest, layout_gridlike,
          portal_ice_cave_entry_pillars_2, grunt_megastairs_2, uniq_nessos
Swamp:1:  layout_basic_swamp, nicolae_swamp_godswood, uniq_donald
Swamp:2:  layout_basic_swamp, nicolae_swamp_rocky_clearing, swamp_pool3
Swamp:3:  layout_basic_swamp, gammafunk_ghost_hydra_chop,
          nicolae_swamp_treefoil, uniq_louise
Swamp:4:  swamp_alternative, layout_basic_swamp, swamp_pool5, uniq_roxanne

Skill      XL: |  1  2  3  4  5  6  7  8  9 10 11 12 13 14 15 16 17 |
---------------+----------------------------------------------------+-----
Axes           | 3 4 5 6 7 9 13 14 15 17 18 19 20 | 20.7
Fighting       | 4 5 6 9 10 11 12 13 14 | 14.0
Armour         | 4 5 6 8 9 10 11 12 13 | 13.0
Invocations    | 7 8 10 11 12 13 14 15 | 15.0
Shields        | 4 6 8 9 12 13 | 13.9
Evocations     | 5 8 11 | 11.0

Action                   |  1- 3 |  4- 6 |  7- 9 | 10-12 | 13-15 | 16-18 || total
-------------------------+-------+-------+-------+-------+-------+-------++-------
Melee: War axe           |    99 |   157 |   140 |   233 |       |       ||   629
       Broad axe         |       |       |       |   292 |   849 |   736 ||  1877
Invok: Heroism           |       |       |     1 |    22 |    14 |     7 ||    44
       Finesse           |       |       |       |     3 |       |       ||     3
Evoke: Wand              |       |       |       |    16 |       |       ||    16
  Use: Potion            |       |     2 |     1 |     1 |     2 |     3 ||     9
       Scroll            |       |       |    13 |     8 |     7 |     8 ||    36
 Stab: Petrified         |       |       |       |       |     1 |     3 ||     4
Armor: Scale mail        |    35 |    76 |    62 |   143 |       |       ||   316
       Plate armour      |       |       |       |    12 |   346 |   553 ||   911
Dodge: Dodged            |    34 |    49 |    32 |   118 |    53 |   146 ||   432
       Repelled          |       |       |       |       |     2 |     4 ||     6
Block: Kite shield       |    45 |    73 |    69 |   272 |  1037 |  1019 ||  2515

Table legend: (Time is in decaauts)
 A = Elapsed time spent in this place.
 B = Non-inter-level travel time spent in this place.
 C = Inter-level travel time spent in this place.
 D = Time resting spent in this place.
 E = Time spent auto-exploring this place.
 F = Levels seen in this place.
 G = Mean time per level.
                   A        B        C        D        E       F      G
               +--------+--------+--------+--------+--------+-----+--------+
         Total |  36166 |  34352 |   1814 |   7657 |  22055 |  27 | 1339.5 |
       Dungeon |  21153 |  20097 |   1056 |   4709 |  12385 |  15 | 1410.2 |
        Temple |    218 |    176 |     42 |      0 |    175 |   1 |  218.0 |
          Lair |   8535 |   7956 |    579 |   1487 |   5643 |   6 | 1422.5 |
         Swamp |   5072 |   4937 |    135 |   1130 |   3211 |   4 | 1268.0 |
      Gauntlet |   1187 |   1187 |      0 |    331 |    640 |   1 | 1187.0 |
               +--------+--------+--------+--------+--------+-----+--------+

Top non-repeatable levels by time:
    D:14: 3593 daAuts
  Lair:5: 2389 daAuts
 Swamp:3: 2279 daAuts
    D:13: 2007 daAuts
     D:3: 2007 daAuts
  Lair:2: 1741 daAuts
    D:15: 1589 daAuts
    D:10: 1504 daAuts
 Swamp:2: 1500 daAuts
     D:8: 1465 daAuts
  Lair:6: 1409 daAuts
     D:7: 1295 daAuts
     D:4: 1290 daAuts
 Swamp:1: 1251 daAuts
    D:11: 1238 daAuts
